 Dungeon Crawl Stone Soup version 0.20-a0-548-g4f8a798 (webtiles) character file.

215 Alarkh the Slasher (level 5, 11/41 HPs)
             Began as a Demonspawn Monk on Feb 1, 2017.
             Quit the game on level 3 of the Dungeon.
             The game lasted 00:01:53 (1534 turns).

Alarkh the Slasher (Demonspawn Monk)                Turns: 1534, Time: 00:01:54

Health: 11/41      AC:  4    Str: 16    XL:     5   Next: 60%
Magic:  3/5        EV: 13    Int: 18    God:
Gold:   89         SH:  0    Dex: 15    Spells: 4/4 levels left

rFire    . . .     SeeInvis .   a - +0 falchion
rCold    . . .     Gourm    .   b - +0 robe
rNeg     . . .     Faith    .   (no shield)
rPois    .         Spirit   +   (no helmet)
rElec    .         Reflect  .   (no cloak)
rCorr    .         Harm     .   (no gloves)
MR       .....                  (no boots)
Stlth    +++.......             (no amulet)
Regen    0.2/turn               (no ring)
                                (no ring)

@: mighty, brilliant
A: iridescent scales 1, nightstalker 1, magic shield
a: no special abilities


You were on level 3 of the Dungeon.
You were not hungry.

You visited 1 branch of the dungeon, and saw 3 of its levels.

You collected 89 gold pieces.

Inventory:

Hand Weapons
 a - a +0 falchion (weapon)
Armour
 b - a +0 robe (worn)
Scrolls
 d - a scroll of random uselessness {unknown}
 e - a scroll of fog
 g - 2 scrolls of remove curse
 h - a scroll of identify {unknown}
 j - a scroll of enchant armour {unknown}
Potions
 k - 2 potions of curing
 n - a potion of heal wounds
Comestibles
 c - 3 bread rations
 f - a royal jelly
 l - 2 meat rations
 p - 3 chunks of flesh


   Skills:
 - Level 3.0 Fighting
 + Level 5.8 Long Blades
 - Level 2.6 Dodging
 - Level 1.7 Stealth


You had 4 spell levels left.
You didn't know any spells.

Dungeon Overview and Level Annotations

Branches:
Dungeon (3/15)

Altars:


Innate Abilities, Weirdness & Mutations

You are partially covered in iridescent scales. (AC +2)
You are slightly more attuned to the shadows.
When hurt, damage is shared between your health and your magic reserves.


Message History

Your Long Blades skill increases to level 5!
You have reached level 5!
Your demonic ancestry asserts itself...
You feel your magical essence form a protective shroud around your flesh.
You closely miss the adder. The adder misses you.
You closely miss the adder. The adder barely misses you. The adder bites you.
You slash the adder!
You kill the adder!
You hit the ball python.
You kill the ball python!
You barely miss the orc. The orc barely misses you.
You barely miss the orc. The orc barely misses you.
You closely miss the orc. The orc hits you with a war axe!
* * * LOW HITPOINT WARNING * * *
You slash the orc!
You kill the orc!
There is an open door, spattered with blood here.
Things that are here:
a war axe; an orc corpse Are you sure you want to abandon this character and quit the game? (Confirm with "yes".)

..........#
...........#
...........###
.....<.......
...........#
........)..#
#........#
####@##### #.#
#.#
##'##########
#...........#
#...........#
#...........#
#...........#
#...........####


There were no monsters in sight!

Vanquished Creatures
  The ghost of Alarkh the Chopper, an amateur DsMo (D:3)
  2 adders
  A worm (D:2)
  3 dart slugs
  A leopard gecko (D:1)
  An orc (D:3)
  10 bats
  4 giant cockroaches
  7 goblins
  5 hobgoblins
  3 jackals (D:1)
  4 kobolds
  2 quokkas
  A ball python (D:3)
  3 frilled lizards (D:1)
  A rat (D:1)
49 creatures vanquished.

Notes
Turn   | Place    | Note
-------+----------+-------------------------------------------
     0 | D:1      | Alarkh the Demonspawn Monk began the quest for the Orb.
     0 | D:1      | Reached XP level 1. HP: 18/18 MP: 1/1
    30 | D:1      | Reached skill level 3 in Long Blades
   295 | D:1      | Gained mutation: You are partially covered in iridescent scales. (AC +2) [demonic ancestry]
   295 | D:1      | Reached XP level 2. HP: 9/24 MP: 2/2
   634 | D:1      | Gained mutation: You are slightly more attuned to the shadows. [demonic ancestry]
   634 | D:1      | Reached XP level 3. HP: 22/29 MP: 3/3
   791 | D:2      | Reached skill level 4 in Long Blades
  1428 | D:3      | Reached XP level 4. HP: 35/35 MP: 4/4
  1489 | D:3      | Noticed Alarkh's ghost (amateur DsMo)
  1524 | D:3      | Killed Alarkh's ghost
  1524 | D:3      | Reached skill level 5 in Long Blades
  1524 | D:3      | Gained mutation: When hurt, damage is shared between your health and your magic reserves. [demonic ancestry]
  1524 | D:3      | Reached XP level 5. HP: 18/41 MP: 5/5
  1534 | D:3      | Quit the game

Vault maps used:
D:1:      scummos_arrival_star
D:3:      uniq_sigmund, uniq_robin

Skill      XL: |  1  2  3  4 |
---------------+-------------+-----
Long Blades    | 3 4 5 |  5.8
Fighting       | |  3.0
Dodging        | |  2.6
Stealth        | |  1.7

Action                   |  1- 3 |  4- 6 || total
-------------------------+-------+-------++-------
Melee: Falchion          |   134 |    37 ||   171
  Use: Scroll            |     2 |       ||     2
       Potion            |       |     5 ||     5
 Stab: Sleeping          |     7 |     1 ||     8
  Eat: Chunk             |     2 |       ||     2
Armor: Robe              |    38 |     4 ||    42
       Skin              |       |    37 ||    37
Dodge: Dodged            |   120 |    19 ||   139
       Rpst.: Falchion   |    34 |     8 ||    42
